 Dungeon Crawl Stone Soup version 0.29-a0-553-g81b289dbe5 (webtiles) character file.

Game seed: 18246129137586659103

165 HessuHobo the Shield-Bearer (level 5, 0/47 HPs)
             Began as a Gnoll Fighter on June 7, 2022.
             Slain by an orc wizard
             ... wielding a +0 dagger
              (1 damage)
             ... on level 3 of the Dungeon.
             The game lasted 00:02:46 (3072 turns).

HessuHobo the Shield-Bearer (Gnoll Fighter)         Turns: 3072, Time: 00:02:47

Health: 0/47       AC: 10    Str: 17    XL:     5   Next: 46%
Magic:  7/7        EV:  9    Int:  7    God:
Gold:   121        SH:  5    Dex: 12    Spells: 7/7 levels left

rFire   . . .      SeeInvis .   j - +2 whip (freeze)
rCold   . . .      Faith    .   c - +0 buckler
rNeg    . . .      Spirit   .   b - +0 scale mail
rPois   .          Reflect  .   (no helmet)
rElec   .          Harm     .   f - +0 cloak
rCorr   .          Rampage  .   o - +0 pair of gloves
Will    .....                   (no boots)
Stlth   ..........              (no amulet)
HPRegen 0.15/turn               (no ring)
MPRegen 0.10/turn               (no ring)

@: mighty
A: fangs 1, strong nose, distributed training
a: no special abilities


You were on level 3 of the Dungeon.
You visited 1 branch of the dungeon, and saw 4 of its levels.

You collected 121 gold pieces.

Inventory:

Hand Weapons
 a - a +0 war axe
 j - a +2 whip of freezing (weapon)
Missiles
 l - 2 boomerangs (quivered)
 v - 6 poisoned darts
Armour
 b - a +0 scale mail (worn)
 c - a +0 buckler (worn)
 f - a +0 cloak (worn)
 o - a +0 pair of gloves (worn)
Scrolls
 e - 2 scrolls of magic mapping {unknown}
 g - 2 scrolls of enchant weapon {unknown}
 i - a scroll of vulnerability {unknown}
 n - a scroll of teleportation {unknown}
 p - 2 scrolls of blinking {unknown}
 s - 5 scrolls of identify {unknown}
 t - a scroll of fog {unknown}
Potions
 h - a potion of degeneration {unknown}
 k - 5 potions of curing {unknown}
 m - a potion of mutation {unknown}
 q - a potion of resistance {unknown}
 r - a potion of brilliance {unknown}
 u - a potion of haste {unknown}


   Skills:
 + Level 6.7 Fighting
 + Level 1.5 Short Blades
 + Level 1.5 Long Blades
 + Level 4.8 Axes
 + Level 1.5 Maces & Flails
 + Level 1.5 Polearms
 + Level 1.5 Staves
 + Level 1.5 Slings
 + Level 1.5 Bows
 + Level 1.5 Crossbows
 + Level 1.5 Throwing
 + Level 6.7 Armour
 + Level 1.5 Dodging
 + Level 1.5 Stealth
 + Level 6.7 Shields
 + Level 1.5 Unarmed Combat
 + Level 1.5 Spellcasting
 + Level 1.2 Conjurations
 + Level 1.2 Hexes
 + Level 1.2 Summonings
 + Level 1.2 Necromancy
 + Level 1.2 Translocations
 + Level 1.2 Transmutations
 + Level 1.2 Fire Magic
 + Level 1.2 Ice Magic
 + Level 1.2 Air Magic
 + Level 1.2 Earth Magic
 + Level 1.2 Poison Magic
 + Level 1.7 Invocations
 + Level 1.5 Evocations


You had 7 spell levels left.
You didn't know any spells.
Your spell library was empty.

Dungeon Overview and Level Annotations

Branches:
Dungeon (4/15)
 Temple: D:4-7

Altars:
Cheibriados
Makhleb
Vehumet

Shops:
D:3 [

Annotations:
D:3 2 transporters, Kenran's ghost, amateur VSFi


Innate Abilities, Weirdness & Mutations

You have very sharp teeth.
Your uncanny sense of smell can sniff out nearby items.
Your experience applies equally to all skills.


Message History

The orc wizard hits you but does no damage.
The orc hits you but does no damage. Something hits you.
* * * LOW HITPOINT WARNING * * *
You feel very mighty all of a sudden. You block the orc's attack.
The orc wizard misses you.
You hear some strange, mumbled words.
A puff of flame appears from out of thin air!
You block the puff of flame.
You whack the orc! You freeze the orc.
You kill the orc!
You block the orc wizard's attack. Something hits you but does no damage.
You whack the orc wizard! You freeze the orc wizard.
You kill the orc wizard!
Kenran's ghost says, "It's not the size of the blade that matters, it's how you use it."
You hear some strange, mumbled words.
You are confused.
You bump into the rock wall.
Something hits you.
* * * LOW HITPOINT WARNING * * *
You miss something.
You hear some strange, mumbled words.
A puff of flame appears from out of thin air!
The puff of flame hits you.
* * * LOW HITPOINT WARNING * * *
Something hits you.
* * * LOW HITPOINT WARNING * * *
Things that are here:
a +0 dagger; a +0 robe; an orc corpse You bump into the rock wall.
You hear some strange, mumbled words.
A magic dart appears from out of thin air!
The magic dart hits you.
* * * LOW HITPOINT WARNING * * *
You completely miss something. Something hits you.
* * * LOW HITPOINT WARNING * * *
You bump into the rock wall.
You feel less confused. Something hits you but does no damage.
You closely miss something. Your bite misses something.
Something hits you but does no damage. Something hits you.
You die...

.......###......##
.......'...#.#.####
........####.#....#
..............###.#
.......©.......<#.#
...#########...##.#
..##8..$$.8##.....#
..#.........#..#..#
..#..#...#.r#..#@{#
..#.#.....#S#...)>#
..#..$.©...W#(.####
..#.#.....#o#..#
..#..#...#..#..#
..#........©#..#
..##8.....8##..#
...#########...#
.......©.......#


You could see Kenran's ghost, an adder and an orc.

Vanquished Creatures
  2 orc wizards
  3 gnolls (D:2)
  2 adders (D:2)
  A worm (D:3)
  5 dart slugs
  4 orcs
  3 ball pythons
  4 endoplasms
  4 giant cockroaches
  2 hobgoblins
  5 kobolds
  4 bats
  3 frilled lizards
  8 goblins
  3 rats
53 creatures vanquished.

Notes
Turn   | Place    | Note
-------+----------+-------------------------------------------
     0 | D:1      | HessuHobo the Gnoll Fighter began the quest for the Orb.
     0 | D:1      | Reached XP level 1. HP: 23/23 MP: 1/1
   223 | D:1      | Reached XP level 2. HP: 29/29 MP: 2/2
   598 | D:1      | Reached XP level 3. HP: 35/35 MP: 3/3
   738 | D:1      | Found a faded altar of an unknown god.
  1287 | D:2      | Reached skill level 1 in Invocations
  1292 | D:2      | Reached skill level 1 in Short Blades
  1292 | D:2      | Reached skill level 1 in Long Blades
  1292 | D:2      | Reached skill level 1 in Maces & Flails
  1292 | D:2      | Reached skill level 1 in Polearms
  1292 | D:2      | Reached skill level 1 in Staves
  1292 | D:2      | Reached skill level 1 in Slings
  1292 | D:2      | Reached skill level 1 in Bows
  1292 | D:2      | Reached skill level 1 in Crossbows
  1292 | D:2      | Reached skill level 1 in Throwing
  1292 | D:2      | Reached skill level 1 in Dodging
  1292 | D:2      | Reached skill level 1 in Stealth
  1292 | D:2      | Reached skill level 1 in Unarmed Combat
  1292 | D:2      | Reached skill level 1 in Spellcasting
  1292 | D:2      | Reached skill level 1 in Evocations
  1422 | D:2      | Reached XP level 4. HP: 39/41 MP: 5/5
  1646 | D:2      | You fall into a shaft and drop 1 floor!
  1688 | D:3      | Found Keeddoum's Antique Armour Shop.
  1874 | D:2      | Reached skill level 1 in Conjurations
  1874 | D:2      | Reached skill level 1 in Hexes
  1874 | D:2      | Reached skill level 1 in Summonings
  1874 | D:2      | Reached skill level 1 in Necromancy
  1874 | D:2      | Reached skill level 1 in Translocations
  1874 | D:2      | Reached skill level 1 in Transmutations
  1874 | D:2      | Reached skill level 1 in Fire Magic
  1874 | D:2      | Reached skill level 1 in Ice Magic
  1874 | D:2      | Reached skill level 1 in Air Magic
  1874 | D:2      | Reached skill level 1 in Earth Magic
  1874 | D:2      | Reached skill level 1 in Poison Magic
  2054 | D:2      | Reached XP level 5. HP: 43/47 MP: 6/6
  2458 | D:3      | Found a transporter.
  2459 | D:3      | Noticed Kenran's ghost (amateur VSFi)
  2564 | D:3      | Found a transporter.
  2751 | D:3      | Found a burning altar of Makhleb.
  2954 | D:3      | Found a radiant altar of Vehumet.
  2954 | D:3      | Found a snail-covered altar of Cheibriados.
  3070 | D:3      | HP: 1/47 [something (3)]
  3072 | D:3      | Slain by an orc wizard

Illustrated notes

Levels and vault maps discovered:
D:1:      minmay_arrival_widening_spiral_narrow, layout_basic,
          basic_ecumenical_altar, serial_bayou_pond_d
D:2:      layout_loops_ring
D:3:      layout_basic, lemuel_round_altar, amethyst_overflow_temple_binary,
          serial_shops, shop_fountains, gammafunk_ghost_arena
D:4:      layout_loops_cross, nicolae_gozag_cash_rules_everything_around_me,
          kennysheep_little_box, grunt_decor_resistance, minmay_pentomino_pile

Skill      XL: |  1  2  3  4 |
---------------+-------------+-----
Invocations    | 1 |  1.7
Short Blades   | 1 |  1.5
Long Blades    | 1 |  1.5
Maces & Flails | 1 |  1.5
Polearms       | 1 |  1.5
Staves         | 1 |  1.5
Slings         | 1 |  1.5
Bows           | 1 |  1.5
Crossbows      | 1 |  1.5
Throwing       | 1 |  1.5
Dodging        | 1 |  1.5
Stealth        | 1 |  1.5
Unarmed Combat | 1 |  1.5
Spellcasting   | 1 |  1.5
Evocations     | 1 |  1.5
Conjurations   | 1 |  1.2
Hexes          | 1 |  1.2
Summonings     | 1 |  1.2
Necromancy     | 1 |  1.2
Translocations | 1 |  1.2
Transmutations | 1 |  1.2
Fire Magic     | 1 |  1.2
Ice Magic      | 1 |  1.2
Air Magic      | 1 |  1.2
Earth Magic    | 1 |  1.2
Poison Magic   | 1 |  1.2
Fighting       | |  6.7
Axes           | |  4.8
Armour         | |  6.7
Shields        | |  6.7

Action                   |  1- 3 |  4- 6 || total
-------------------------+-------+-------++-------
Melee: War axe           |    21 |       ||    21
       Whip              |    58 |   111 ||   169
       Bite              |     6 |     8 ||    14
  Use: Potion            |       |     1 ||     1
Armor: Scale mail        |    28 |    66 ||    94
Dodge: Dodged            |    30 |    36 ||    66
Block: Buckler           |    15 |    28 ||    43

Table legend: (Time is in decaauts)
 A = Elapsed time spent in this place.
 B = Non-inter-level travel time spent in this place.
 C = Inter-level travel time spent in this place.
 D = Time resting spent in this place.
 E = Time spent auto-exploring this place.
 F = Levels seen in this place.
 G = Mean time per level.
                   A        B        C        D        E       F      G
               +--------+--------+--------+--------+--------+-----+--------+
         Total |   3093 |   2908 |    185 |    482 |   1951 |   4 |  773.2 |
       Dungeon |   3093 |   2908 |    185 |    482 |   1951 |   4 |  773.2 |
               +--------+--------+--------+--------+--------+-----+--------+

Top non-repeatable levels by time:
     D:1: 1216 daAuts
     D:3: 949 daAuts
     D:2: 918 daAuts
     D:4: 9 daAuts
